 Dungeon Crawl Stone Soup version 0.24.0-13-gcf9b3192b9 (webtiles) character file.

Game seed: 8746514483500456714, levelgen mode: deterministic

137 Grizz the Chopper (level 5, 0/47 HPs)
             Began as a Gnoll Chaos Knight on Nov 5, 2019.
             Was a Plaything of Xom.
             Drowned by Terence the water nymph (glowing shapeshifter) (11 damage)
             ... on level 3 of the Dungeon.
             The game lasted 00:05:34 (1686 turns).

Grizz the Chopper (Gnoll Chaos Knight)              Turns: 1686, Time: 00:05:34

Health: 0/47       AC:  6    Str: 16    XL:     5   Next: 20%
Magic:  7/7        EV: 18    Int: 14    God:    Xom [*.....]
Gold:   128        SH:  0    Dex: 19    Spells: 6/6 levels left

rFire    + . .     SeeInvis .   a - +0 hand axe (chaos)
rCold    + . .     Gourm    .   (no shield)
rNeg     . . .     Faith    .   b - +2 leather armour
rPois    +         Spirit   .   r - +0 helmet
rElec    +         Reflect  .   (no cloak)
rCorr    +         Harm     .   (no gloves)
MR       .....                  (no boots)
Stlth    ++........             (no amulet)
HPRegen  0.15/turn              (no ring)
MPRegen  0.10/turn              (no ring)

@: agile, lethally poisoned (0 -> -12), resistant, very slow
A: distributed training, fangs 1, strong nose
a: Renounce Religion


You were on level 3 of the Dungeon.
You worshipped Xom.
You were a special plaything of Xom.
You were hungry.

You visited 1 branch of the dungeon, and saw 3 of its levels.

You collected 128 gold pieces.

Inventory:

Hand Weapons
 a - a +0 hand axe of chaos (weapon)
Armour
 b - a +2 leather armour (worn)
 r - a +0 helmet (worn)
 t - a +1 scale mail of cold resistance
Wands
 i - a wand of enslavement (9)
Scrolls
 g - a scroll of fear
 j - a scroll of remove curse
 n - a scroll of fog
 p - a scroll of amnesia {unknown}
Potions
 e - a potion of ambrosia {unknown}
 f - 2 potions of agility
 h - a potion of resistance
 k - a potion of might {unknown}
 l - a potion of curing {unknown}
 q - a potion of haste {unknown}
Comestibles
 c - 4 rations
 s - 6 chunks of flesh


   Skills:
 + Level 6.6 Fighting
 + Level 1.3 Short Blades
 + Level 1.3 Long Blades
 + Level 6.6 Axes
 + Level 1.3 Maces & Flails
 + Level 1.3 Polearms
 + Level 1.3 Staves
 + Level 1.3 Slings
 + Level 1.3 Bows
 + Level 1.3 Crossbows
 + Level 1.3 Throwing
 + Level 4.7 Armour
 + Level 2.9 Dodging
 + Level 1.3 Stealth
 + Level 1.3 Shields
 + Level 1.3 Unarmed Combat
 + Level 1.3 Spellcasting
 + Level 1.1 Conjurations
 + Level 1.1 Hexes
 + Level 1.1 Charms
 + Level 1.1 Summonings
 + Level 1.1 Necromancy
 + Level 1.1 Translocations
 + Level 1.1 Transmutations
 + Level 1.1 Fire Magic
 + Level 1.1 Ice Magic
 + Level 1.1 Air Magic
 + Level 1.1 Earth Magic
 + Level 1.1 Poison Magic
 + Level 1.5 Invocations
 + Level 1.3 Evocations


You had 6 spell levels left.
You didn't know any spells.
Your spell library was empty.

Dungeon Overview and Level Annotations

Branches:
Dungeon (3/15)

Altars:

Annotations:
D:3 Terence


Innate Abilities, Weirdness & Mutations

Your experience applies equally to all skills.
You have very sharp teeth.
Your uncanny sense of smell can sniff out nearby items.


Message History

You feel protected.
Xom roars with laughter!
You are feeling hungry.
You feel sick. Terence closely misses you.
You hit Terence.
Terence suddenly stops moving!
Terence is lightly wounded.
You feel sick.
Terence fails to defend herself.
You slash Terence! You burn Terence. You bite Terence, but do no damage.
Terence is heavily wounded.
You feel sick.
Your unstable footing causes you to fumble your attack.
* * * LOW HITPOINT WARNING * * *
You feel sick.
* * * LOW HITPOINT WARNING * * *
You feel sick.
Terence is no longer paralysed.
Terence touches you.
* * * LOW HITPOINT WARNING * * *
Terence drowns you!
You die...
Xom thinks this is hilarious!

####.####
#...§§).#......
#.......#
#...§§###..###.
#.##.##.##
#...§.###..###.
#,*#.....#
####§......#...
#.#####..# ######.##.##
#........##
*******#.##.##
#######≈≈≈#
*,,,,,,#......
#≈m≈#**,****,####(##
***#≈≈@#,,,,,,,,,,,..##
#..........#***,***####
#.............,,* #..
#.........####*** #.#
####...#### #.# #!..#
#.# #.<.# #.# ##### #.#
#..


You could see Terence the water nymph shaped shifter.

Vanquished Creatures
  An orc priest (D:3)
  3 adders
  An ooze (D:1)
  3 worms
  A dart slug (D:3)
  2 leopard geckos
  5 orcs (D:3)
  2 bats
  3 giant cockroaches
  6 goblins
  9 hobgoblins
  7 jackals
  4 kobolds (D:1)
  A quokka (D:2)
  A frilled lizard (D:2)
  5 rats
54 creatures vanquished.

Notes
Turn   | Place    | Note
-------+----------+-------------------------------------------
     0 | D:1      | Grizz the Gnoll Chaos Knight began the quest for the Orb.
     0 | D:1      | Reached XP level 1. HP: 23/23 MP: 1/1
   103 | D:1      | XOM: potion effect (haste)
   187 | D:1      | Reached XP level 2. HP: 23/29 MP: 2/2
   205 | D:1      | XOM: noise
   255 | D:1      | XOM: noise
   280 | D:1      | Reached XP level 3. HP: 34/35 MP: 3/3
   308 | D:1      | XOM: harmless Air miscast
   603 | D:2      | Found a faded altar of an unknown god.
   825 | D:2      | Reached skill level 1 in Invocations
   956 | D:2      | Reached skill level 1 in Short Blades
   956 | D:2      | Reached skill level 1 in Long Blades
   956 | D:2      | Reached skill level 1 in Maces & Flails
   956 | D:2      | Reached skill level 1 in Polearms
   956 | D:2      | Reached skill level 1 in Staves
   956 | D:2      | Reached skill level 1 in Slings
   956 | D:2      | Reached skill level 1 in Bows
   956 | D:2      | Reached skill level 1 in Crossbows
   956 | D:2      | Reached skill level 1 in Throwing
   956 | D:2      | Reached skill level 1 in Stealth
   956 | D:2      | Reached skill level 1 in Shields
   956 | D:2      | Reached skill level 1 in Unarmed Combat
   956 | D:2      | Reached skill level 1 in Spellcasting
   956 | D:2      | Reached skill level 1 in Evocations
   998 | D:2      | XOM: potion effect (haste)
  1012 | D:2      | Reached XP level 4. HP: 34/41 MP: 5/5
  1079 | D:2      | XOM: god gift: helmet {god gift}
  1294 | D:3      | Reached skill level 1 in Conjurations
  1294 | D:3      | Reached skill level 1 in Hexes
  1294 | D:3      | Reached skill level 1 in Charms
  1294 | D:3      | Reached skill level 1 in Summonings
  1294 | D:3      | Reached skill level 1 in Necromancy
  1294 | D:3      | Reached skill level 1 in Translocations
  1294 | D:3      | Reached skill level 1 in Transmutations
  1294 | D:3      | Reached skill level 1 in Fire Magic
  1294 | D:3      | Reached skill level 1 in Ice Magic
  1294 | D:3      | Reached skill level 1 in Air Magic
  1294 | D:3      | Reached skill level 1 in Earth Magic
  1294 | D:3      | Reached skill level 1 in Poison Magic
  1486 | D:3      | XOM: mild Summ miscast
  1574 | D:3      | Reached XP level 5. HP: 44/47 MP: 6/6
  1655 | D:3      | Noticed Terence
  1658 | D:3      | XOM: confusion
  1673 | D:3      | Noticed Terence
  1673 | D:3      | Terence changed into Terence the glowing shapeshifter
  1673 | D:3      | Noticed Terence
  1673 | D:3      | Terence the glowing shapeshifter changed into Terence the
                  | sea snake
  1675 | D:3      | Noticed Terence
  1675 | D:3      | Terence the sea snake changed into Terence the death drake
  1677 | D:3      | Noticed Terence
  1677 | D:3      | Terence the death drake changed into Terence the lindwurm
  1678 | D:3      | Noticed Terence
  1678 | D:3      | Terence the lindwurm changed into Terence the swamp worm
  1680 | D:3      | Noticed Terence
  1680 | D:3      | Terence the swamp worm changed into Terence the water nymph
  1686 | D:3      | Drowned by Terence the water nymph (glowing shapeshifter)

Levels and vault maps discovered:
D:1:      dpeg_arrival_arbitrary_c, layout_basic
D:2:      layout_loops_ring, chequers_ecumenical_altar_simple
D:3:      layout_loops_cross, chequers_mini_garden, uniq_terence

Skill      XL: |  1  2  3  4 |
---------------+-------------+-----
Invocations    | 1 |  1.5
Short Blades   | 1 |  1.3
Long Blades    | 1 |  1.3
Maces & Flails | 1 |  1.3
Polearms       | 1 |  1.3
Staves         | 1 |  1.3
Slings         | 1 |  1.3
Bows           | 1 |  1.3
Crossbows      | 1 |  1.3
Throwing       | 1 |  1.3
Stealth        | 1 |  1.3
Shields        | 1 |  1.3
Unarmed Combat | 1 |  1.3
Spellcasting   | 1 |  1.3
Evocations     | 1 |  1.3
Conjurations   | 1 |  1.1
Hexes          | 1 |  1.1
Charms         | 1 |  1.1
Summonings     | 1 |  1.1
Necromancy     | 1 |  1.1
Translocations | 1 |  1.1
Transmutations | 1 |  1.1
Fire Magic     | 1 |  1.1
Ice Magic      | 1 |  1.1
Air Magic      | 1 |  1.1
Earth Magic    | 1 |  1.1
Poison Magic   | 1 |  1.1
Fighting       | |  6.6
Axes           | |  6.6
Armour         | |  4.7
Dodging        | |  2.9

Action                   |  1- 3 |  4- 6 || total
-------------------------+-------+-------++-------
Melee: Hand axe          |    94 |    73 ||   167
       Bite              |    12 |     9 ||    21
       Punch             |       |     1 ||     1
  Use: Scroll            |       |     5 ||     5
       Potion            |       |     3 ||     3
 Stab: Sleeping          |     2 |     1 ||     3
       Petrifying        |     1 |       ||     1
       Paralysed         |       |     1 ||     1
  Eat: Chunk             |       |     2 ||     2
Armor: Leather armour    |    29 |    11 ||    40
Dodge: Dodged            |    50 |    33 ||    83
